[ AOE2 MATCH · #472865050 ]
UnrankedTurks vs Sicilians
[ REPLAY ANALYSIS · EXTRACTED FROM THE RECORDED GAME ]
Feudal
10:06
Castle
13:37
Imperial
35:22
| APM avg | 51.8 |
| APM peak | 110 |
| eAPM avg | 32.8 |
| Villagers / military | 151 / 889 |
Focus
⚔️ 50.4% · 🌾 49.6%
Scout Cavalry ×858 · Bombard Cannon ×27 · Trebuchet (Packed) ×4
Feudal
10:58
Castle
14:32
Imperial
28:02
| APM avg | 29.7 |
| APM peak | 70 |
| eAPM avg | 18.8 |
| Villagers / military | 150 / 111 |
Focus
⚔️ 16.8% · 🌾 83.2%
Knight ×83 · Trade Cart ×83 · Serjeant ×16 · Battering Ram ×7 · Spearman ×4 · Monk ×1
Feudal
9:42
Castle
13:20
Imperial
27:18
| APM avg | 63.9 |
| APM peak | 129 |
| eAPM avg | 34.7 |
| Villagers / military | 197 / 239 |
Focus
⚔️ 51.8% · 🌾 48.2%
Mangudai ×169 · Scorpion ×49 · Trade Cart ×27 · Battering Ram ×18 · Trebuchet (Packed) ×2 · Monk ×1
Feudal
10:56
Castle
15:00
Imperial
27:58
| APM avg | 49.6 |
| APM peak | 205 |
| eAPM avg | 35.6 |
| Villagers / military | 166 / 738 |
Focus
⚔️ 42.7% · 🌾 57.3%
Konnik ×553 · Petard ×178 · Trebuchet (Packed) ×7
Feudal
10:16
Castle
13:51
Imperial
30:27
| APM avg | 53.9 |
| APM peak | 110 |
| eAPM avg | 40.6 |
| Villagers / military | 645 / 57 |
Focus
⚔️ 24.7% · 🌾 75.3%
Hand Cannoneer ×55 · Archer ×2
Feudal
11:22
Castle
15:01
Imperial
28:08
| APM avg | 58.6 |
| APM peak | 130 |
| eAPM avg | 34.7 |
| Villagers / military | 170 / 867 |
Focus
⚔️ 46.4% · 🌾 53.6%
Spearman ×609 · Longbowman ×235 · Trade Cart ×42 · Petard ×12 · Trebuchet (Packed) ×9 · Monk ×2
Match map
Initial resources + every placement click. Lines = walls · curves = elevation contours. ◆ gold · ⬟ stone · ● berries · ✦ relic · ◌ wall gap
Your base· ✓ Closed at 13:37 · 0t walls · 3 gate(s)
Crouch's base· ✓ Closed at 14:32 · 0t walls · 3 gate(s)
Toady's base· ✓ Closed at 13:20 · 0t walls · 2 gate(s)
Festering Goblin_1's base· ✓ Closed at 15:00 · 0t walls · 2 gate(s)
Rgeadn's base· ✓ Closed at 13:51 · 0t walls · 2 gate(s)
[AoHD] Milmano's base· ✓ Closed at 15:01 · 0t walls · 3 gate(s)
Smoothed initial terrain · ◌ = detected wall gap · hover for details
Inputs per minute
— Chris Pelham - - Crouch
Build order — Chris Pelham
First 150 of 1063 actions detected
| 0:00 | Queue | Villager (Male) |
| 0:01 | Queue | Villager (Male) |
| 0:01 | Queue | Villager (Male) |
| 0:03 | Build | House |
| 0:04 | Build | House |
| 0:13 | Queue | Villager (Male) |
| 1:25 | Queue | Villager (Male) |
| 1:45 | Build | Lumber Camp |
| 1:48 | Queue | Villager (Male) |
| 2:10 | Queue | Villager (Male) |
| 2:38 | Queue | Villager (Male) |
| 2:38 | Queue | Villager (Male) |
| 2:53 | Queue | Villager (Male) |
| 3:23 | Build | House |
| 3:28 | Queue | Villager (Male) |
| 3:28 | Queue | Villager (Male) |
| 3:50 | Queue | Villager (Male) |
| 4:11 | Build | Mill |
| 4:21 | Queue | Villager (Male) |
| 4:22 | Queue | Villager (Male) |
| 4:33 | Queue | Villager (Male) |
| 4:49 | Queue | Villager (Male) |
| 4:49 | Queue | Villager (Male) |
| 5:08 | Queue | Villager (Male) |
| 5:28 | Queue | Villager (Male) |
| 5:29 | Queue | Villager (Male) |
| 5:53 | Build | House |
| 6:22 | Queue | Villager (Male) |
| 6:49 | Build | Mining Camp |
| 7:01 | Queue | Villager (Male) |
| 7:47 | Research | Feudal Age |
| 8:52 | Queue | Villager (Male) |
| 8:52 | Queue | Villager (Male) |
| 10:06 | Age | Feudal Age |
| 10:13 | Build | Market |
| 10:15 | Build | Blacksmith |
| 10:47 | Build | Lumber Camp |
| 10:57 | Research | Castle Age |
| 11:36 | Build | House |
| 11:42 | Research | Double-Bit Axe |
| 12:19 | Research | Horse Collar |
| 13:20 | Queue | Villager (Male) |
| 13:37 | Age | Castle Age |
| 13:42 | Build | Town Center |
| 13:48 | Build | Town Center |
| 13:51 | Queue | Villager (Male) |
| 14:09 | Queue | Villager (Male) |
| 14:10 | Build | Farm |
| 14:15 | Build | Farm |
| 14:16 | Build | Farm |
| 14:20 | Build | Farm |
| 14:31 | Build | Farm |
| 14:36 | Build | Farm |
| 14:40 | Queue | Villager (Male) |
| 14:42 | Build | Farm |
| 14:44 | Build | Farm |
| 14:54 | Build | Farm |
| 15:01 | Queue | Villager (Male) |
| 15:03 | Build | Farm |
| 15:09 | Queue | Villager (Male) |
| 15:12 | Build | Farm |
| 15:14 | Queue | Villager (Male) |
| 15:20 | Queue | Villager (Male) |
| 15:22 | Build | Farm |
| 15:29 | Queue | Villager (Male) |
| 15:32 | Queue | Villager (Male) |
| 15:34 | Build | Farm |
| 15:45 | Queue | Villager (Male) |
| 15:47 | Build | Farm |
| 15:51 | Research | Loom |
| 16:02 | Queue | Villager (Male) |
| 16:07 | Build | Farm |
| 16:09 | Build | Farm |
| 16:13 | Queue | Villager (Male) |
| 16:22 | Build | Farm |
| 16:31 | Queue | Villager (Male) |
| 16:32 | Queue | Villager (Male) |
| 16:34 | Build | Farm |
| 16:42 | Build | House |
| 16:43 | Build | House |
| 16:52 | Build | Farm |
| 16:59 | Queue | Villager (Male) |
| 17:00 | Queue | Villager (Male) |
| 17:00 | Queue | Villager (Male) |
| 17:10 | Build | Farm |
| 17:13 | Build | Farm |
| 17:22 | Queue | Villager (Male) |
| 17:22 | Queue | Villager (Male) |
| 17:22 | Queue | Villager (Male) |
| 17:26 | Build | House |
| 17:31 | Queue | Villager (Male) |
| 17:31 | Queue | Villager (Male) |
| 17:39 | Queue | Villager (Male) |
| 17:41 | Build | Farm |
| 17:44 | Build | Farm |
| 17:56 | Queue | Villager (Male) |
| 18:05 | Build | Farm |
| 18:06 | Queue | Villager (Male) |
| 18:21 | Queue | Villager (Male) |
| 18:27 | Research | Bow Saw |
| 18:36 | Queue | Villager (Male) |
| 18:36 | Queue | Villager (Male) |
| 18:36 | Queue | Villager (Male) |
| 18:43 | Build | Farm |
| 18:47 | Build | Farm |
| 18:55 | Queue | Villager (Male) |
| 19:07 | Research | Wheelbarrow |
| 19:16 | Queue | Villager (Male) |
| 19:23 | Build | House |
| 19:23 | Build | House |
| 19:29 | Queue | Villager (Male) |
| 19:29 | Queue | Villager (Male) |
| 19:29 | Queue | Villager (Male) |
| 19:37 | Build | Town Center |
| 19:46 | Build | House |
| 19:49 | Queue | Villager (Male) |
| 19:52 | Research | Heavy Plow |
| 19:57 | Queue | Villager (Male) |
| 20:03 | Queue | Villager (Male) |
| 20:15 | Build | Farm |
| 20:17 | Build | Farm |
| 20:19 | Build | Farm |
| 20:23 | Queue | Villager (Male) |
| 20:24 | Queue | Villager (Male) |
| 20:24 | Queue | Villager (Male) |
| 20:50 | Research | Hand Cart |
| 20:52 | Queue | Villager (Male) |
| 20:56 | Queue | Villager (Male) |
| 20:57 | Queue | Villager (Male) |
| 21:02 | Queue | Villager (Male) |
| 21:14 | Build | Town Center |
| 21:21 | Queue | Villager (Male) |
| 21:21 | Queue | Villager (Male) |
| 21:24 | Build | Farm |
| 21:27 | Queue | Villager (Male) |
| 21:27 | Queue | Villager (Male) |
| 21:36 | Build | Lumber Camp |
| 21:42 | Queue | Villager (Male) |
| 21:51 | Queue | Villager (Male) |
| 21:51 | Queue | Villager (Male) |
| 21:52 | Queue | Villager (Male) |
| 21:53 | Queue | Villager (Male) |
| 22:16 | Build | Town Center |
| 22:18 | Queue | Villager (Male) |
| 22:18 | Queue | Villager (Male) |
| 22:25 | Build | House |
| 22:26 | Build | House |
| 22:27 | Build | House |
| 22:29 | Build | House |
| 22:41 | Research | Town Watch |
Build order — Crouch
First 150 of 485 actions detected
| 0:00 | Queue | Villager (Male) |
| 0:00 | Queue | Villager (Male) |
| 0:01 | Queue | Villager (Male) |
| 0:01 | Queue | Villager (Male) |
| 0:02 | Build | House |
| 0:03 | Build | House |
| 1:29 | Queue | Villager (Male) |
| 2:08 | Queue | Villager (Male) |
| 2:13 | Build | Lumber Camp |
| 2:17 | Queue | Villager (Male) |
| 2:32 | Queue | Villager (Male) |
| 3:02 | Queue | Villager (Male) |
| 3:02 | Queue | Villager (Male) |
| 3:45 | Queue | Villager (Male) |
| 3:52 | Build | House |
| 4:03 | Queue | Villager (Male) |
| 4:09 | Build | House |
| 4:46 | Queue | Villager (Male) |
| 4:53 | Queue | Villager (Male) |
| 5:38 | Build | Mill |
| 5:43 | Queue | Villager (Male) |
| 5:53 | Queue | Villager (Male) |
| 6:14 | Queue | Villager (Male) |
| 6:29 | Queue | Villager (Male) |
| 6:51 | Build | Farm |
| 6:55 | Build | Farm |
| 6:57 | Build | Farm |
| 7:12 | Queue | Villager (Male) |
| 7:42 | Queue | Villager (Male) |
| 7:59 | Queue | Villager (Male) |
| 8:07 | Build | House |
| 8:26 | Build | Mining Camp |
| 8:40 | Research | Feudal Age |
| 10:58 | Age | Feudal Age |
| 11:02 | Queue | Villager (Male) |
| 11:03 | Queue | Villager (Male) |
| 11:05 | Build | Market |
| 11:08 | Build | Blacksmith |
| 11:24 | Research | Double-Bit Axe |
| 11:52 | Research | Castle Age |
| 11:55 | Research | Horse Collar |
| 13:24 | Build | Farm |
| 13:27 | Build | Farm |
| 13:38 | Build | House |
| 13:38 | Build | House |
| 14:28 | Queue | Villager (Male) |
| 14:32 | Age | Castle Age |
| 14:36 | Build | Town Center |
| 14:43 | Build | Town Center |
| 14:53 | Build | Lumber Camp |
| 14:57 | Research | Bow Saw |
| 14:58 | Queue | Villager (Male) |
| 15:11 | Research | Heavy Plow |
| 15:13 | Queue | Villager (Male) |
| 15:19 | Queue | Villager (Male) |
| 15:19 | Queue | Villager (Male) |
| 15:23 | Queue | Villager (Male) |
| 15:23 | Queue | Villager (Male) |
| 15:30 | Build | Farm |
| 15:44 | Build | Farm |
| 15:45 | Queue | Villager (Male) |
| 15:48 | Build | Farm |
| 15:53 | Queue | Villager (Male) |
| 16:00 | Build | Farm |
| 16:05 | Build | Farm |
| 16:10 | Build | Farm |
| 16:17 | Queue | Villager (Male) |
| 16:24 | Build | Farm |
| 16:32 | Queue | Villager (Male) |
| 16:33 | Build | Farm |
| 16:37 | Build | Farm |
| 16:42 | Queue | Villager (Male) |
| 16:49 | Queue | Villager (Male) |
| 16:53 | Build | Farm |
| 17:06 | Build | Farm |
| 17:07 | Queue | Villager (Male) |
| 17:10 | Build | Farm |
| 17:15 | Queue | Villager (Male) |
| 17:24 | Queue | Villager (Male) |
| 17:30 | Build | Farm |
| 17:31 | Build | Farm |
| 17:35 | Queue | Villager (Male) |
| 17:39 | Build | Farm |
| 17:48 | Queue | Villager (Male) |
| 17:54 | Queue | Villager (Male) |
| 18:06 | Build | Town Center |
| 18:07 | Queue | Villager (Male) |
| 18:07 | Queue | Villager (Male) |
| 18:10 | Queue | Villager (Male) |
| 18:17 | Build | Farm |
| 18:18 | Build | Farm |
| 18:23 | Queue | Villager (Male) |
| 18:27 | Build | Farm |
| 18:28 | Queue | Villager (Male) |
| 18:33 | Build | Farm |
| 18:35 | Queue | Villager (Male) |
| 18:40 | Build | Farm |
| 18:42 | Queue | Villager (Male) |
| 18:47 | Build | Farm |
| 18:52 | Build | House |
| 18:56 | Queue | Villager (Male) |
| 18:57 | Queue | Villager (Male) |
| 19:01 | Build | House |
| 19:02 | Build | House |
| 19:03 | Build | House |
| 19:05 | Queue | Villager (Male) |
| 19:13 | Queue | Villager (Male) |
| 19:20 | Build | Mill |
| 19:21 | Queue | Villager (Male) |
| 19:25 | Queue | Villager (Male) |
| 19:30 | Build | Farm |
| 19:32 | Queue | Villager (Male) |
| 19:35 | Build | Farm |
| 19:35 | Build | Farm |
| 19:38 | Queue | Villager (Male) |
| 19:40 | Build | Farm |
| 19:41 | Queue | Villager (Male) |
| 19:42 | Queue | Villager (Male) |
| 19:48 | Queue | Villager (Male) |
| 19:51 | Queue | Villager (Male) |
| 20:02 | Build | Farm |
| 20:03 | Build | Farm |
| 20:05 | Build | Farm |
| 20:06 | Queue | Villager (Male) |
| 20:06 | Queue | Villager (Male) |
| 20:08 | Build | Farm |
| 20:12 | Queue | Villager (Male) |
| 20:15 | Build | Farm |
| 20:20 | Build | House |
| 20:21 | Build | House |
| 20:27 | Queue | Villager (Male) |
| 20:27 | Queue | Villager (Male) |
| 20:27 | Queue | Villager (Male) |
| 20:32 | Queue | Villager (Male) |
| 20:35 | Build | Mining Camp |
| 20:43 | Queue | Villager (Male) |
| 20:45 | Queue | Villager (Male) |
| 20:48 | Build | House |
| 20:48 | Build | House |
| 20:49 | Build | House |
| 20:50 | Build | House |
| 21:02 | Research | Wheelbarrow |
| 21:06 | Queue | Villager (Male) |
| 21:09 | Queue | Villager (Male) |
| 21:13 | Build | Farm |
| 21:14 | Build | Farm |
| 21:15 | Build | Farm |
| 21:17 | Queue | Villager (Male) |
| 21:20 | Build | Farm |
| 21:22 | Build | Farm |
Build order — Toady
First 150 of 681 actions detected
| 0:00 | Queue | Villager (Male) |
| 0:01 | Build | House |
| 0:02 | Build | House |
| 0:05 | Queue | Villager (Male) |
| 0:05 | Queue | Villager (Male) |
| 0:07 | Queue | Villager (Male) |
| 1:26 | Queue | Villager (Male) |
| 1:57 | Queue | Villager (Male) |
| 1:58 | Queue | Villager (Male) |
| 2:18 | Build | Lumber Camp |
| 2:21 | Queue | Villager (Male) |
| 2:31 | Queue | Villager (Male) |
| 3:15 | Queue | Villager (Male) |
| 3:23 | Build | House |
| 3:35 | Queue | Villager (Male) |
| 4:02 | Build | Mill |
| 4:21 | Queue | Villager (Male) |
| 4:25 | Queue | Villager (Male) |
| 4:28 | Queue | Villager (Male) |
| 4:55 | Queue | Villager (Male) |
| 5:01 | Queue | Villager (Male) |
| 5:12 | Queue | Villager (Male) |
| 5:26 | Queue | Villager (Male) |
| 5:35 | Queue | Villager (Male) |
| 5:37 | Build | Farm |
| 5:40 | Queue | Villager (Male) |
| 5:52 | Queue | Villager (Male) |
| 6:00 | Queue | Villager (Male) |
| 6:05 | Build | Farm |
| 6:08 | Queue | Villager (Male) |
| 6:13 | Queue | Villager (Male) |
| 6:15 | Build | House |
| 6:56 | Queue | Villager (Male) |
| 7:18 | Research | Feudal Age |
| 7:20 | Build | Mining Camp |
| 9:00 | Queue | Villager (Male) |
| 9:01 | Queue | Villager (Male) |
| 9:39 | Queue | Villager (Male) |
| 9:42 | Age | Feudal Age |
| 9:47 | Build | Market |
| 9:56 | Build | Blacksmith |
| 9:59 | Queue | Villager (Male) |
| 10:39 | Research | Double-Bit Axe |
| 10:40 | Research | Castle Age |
| 11:33 | Build | House |
| 12:12 | Queue | Villager (Male) |
| 13:03 | Research | Horse Collar |
| 13:20 | Age | Castle Age |
| 13:23 | Build | Town Center |
| 13:27 | Build | Town Center |
| 13:31 | Research | Bow Saw |
| 13:41 | Queue | Villager (Male) |
| 13:42 | Build | Farm |
| 14:01 | Queue | Villager (Male) |
| 14:02 | Queue | Villager (Male) |
| 14:04 | Build | Farm |
| 14:13 | Queue | Villager (Male) |
| 14:17 | Build | House |
| 14:21 | Queue | Villager (Male) |
| 14:24 | Queue | Villager (Male) |
| 14:26 | Build | Farm |
| 14:38 | Build | Farm |
| 14:43 | Queue | Villager (Male) |
| 14:47 | Queue | Villager (Male) |
| 14:49 | Queue | Villager (Male) |
| 14:49 | Queue | Villager (Male) |
| 14:54 | Build | House |
| 14:57 | Queue | Villager (Male) |
| 15:10 | Build | Farm |
| 15:13 | Build | Farm |
| 15:19 | Queue | Villager (Male) |
| 15:24 | Build | Farm |
| 15:27 | Queue | Villager (Male) |
| 15:33 | Build | Farm |
| 15:33 | Queue | Villager (Male) |
| 15:38 | Build | House |
| 15:53 | Build | Farm |
| 15:55 | Queue | Villager (Male) |
| 15:57 | Queue | Villager (Male) |
| 16:00 | Build | Farm |
| 16:12 | Build | Farm |
| 16:15 | Queue | Villager (Male) |
| 16:19 | Build | House |
| 16:28 | Queue | Villager (Male) |
| 16:36 | Build | Lumber Camp |
| 16:39 | Build | Farm |
| 16:48 | Queue | Villager (Male) |
| 16:48 | Queue | Villager (Male) |
| 16:49 | Build | House |
| 16:52 | Build | Farm |
| 16:57 | Build | Farm |
| 16:57 | Queue | Villager (Male) |
| 17:14 | Build | Farm |
| 17:15 | Queue | Villager (Male) |
| 17:17 | Build | Farm |
| 17:23 | Build | House |
| 17:25 | Queue | Villager (Male) |
| 17:31 | Build | Farm |
| 17:35 | Build | Farm |
| 17:37 | Queue | Villager (Male) |
| 17:42 | Build | Farm |
| 17:44 | Queue | Villager (Male) |
| 17:56 | Queue | Villager (Male) |
| 17:57 | Build | House |
| 18:06 | Queue | Villager (Male) |
| 18:13 | Queue | Villager (Male) |
| 18:16 | Build | Town Center |
| 18:22 | Queue | Villager (Male) |
| 18:23 | Build | Farm |
| 18:29 | Build | House |
| 18:31 | Queue | Villager (Male) |
| 18:38 | Build | Farm |
| 18:38 | Queue | Villager (Male) |
| 18:43 | Build | Farm |
| 18:46 | Queue | Villager (Male) |
| 18:55 | Build | Farm |
| 18:56 | Queue | Villager (Male) |
| 18:57 | Build | House |
| 19:02 | Build | Farm |
| 19:05 | Queue | Villager (Male) |
| 19:08 | Queue | Villager (Male) |
| 19:15 | Build | Farm |
| 19:17 | Queue | Villager (Male) |
| 19:25 | Build | Farm |
| 19:26 | Queue | Villager (Male) |
| 19:28 | Build | House |
| 19:30 | Queue | Villager (Male) |
| 19:33 | Build | Farm |
| 19:40 | Research | Wheelbarrow |
| 19:44 | Queue | Villager (Male) |
| 19:46 | Build | Farm |
| 19:51 | Queue | Villager (Male) |
| 19:55 | Build | Farm |
| 20:01 | Queue | Villager (Male) |
| 20:02 | Build | House |
| 20:04 | Queue | Villager (Male) |
| 20:07 | Build | Farm |
| 20:08 | Queue | Villager (Male) |
| 20:12 | Build | Farm |
| 20:14 | Queue | Villager (Male) |
| 20:18 | Queue | Villager (Male) |
| 20:22 | Build | Farm |
| 20:29 | Build | Farm |
| 20:30 | Queue | Villager (Male) |
| 20:32 | Queue | Villager (Male) |
| 20:39 | Build | Farm |
| 20:40 | Queue | Villager (Male) |
| 20:45 | Queue | Villager (Male) |
| 20:47 | Build | Farm |
| 20:47 | Queue | Villager (Male) |
Build order — Festering Goblin_1
First 150 of 867 actions detected
| 0:01 | Queue | Villager (Male) |
| 0:01 | Queue | Villager (Male) |
| 0:01 | Queue | Villager (Male) |
| 0:02 | Queue | Villager (Male) |
| 0:02 | Queue | Villager (Male) |
| 0:04 | Build | House |
| 0:06 | Build | House |
| 1:09 | Queue | Villager (Male) |
| 1:09 | Queue | Villager (Male) |
| 1:43 | Queue | Villager (Male) |
| 1:46 | Build | Lumber Camp |
| 1:58 | Queue | Villager (Male) |
| 1:59 | Queue | Villager (Male) |
| 2:18 | Queue | Villager (Male) |
| 2:19 | Queue | Villager (Male) |
| 2:45 | Queue | Villager (Male) |
| 2:45 | Queue | Villager (Male) |
| 3:23 | Queue | Villager (Male) |
| 3:23 | Queue | Villager (Male) |
| 3:35 | Queue | Villager (Male) |
| 3:35 | Queue | Villager (Male) |
| 3:52 | Queue | Villager (Male) |
| 3:52 | Queue | Villager (Male) |
| 3:53 | Build | House |
| 3:57 | Queue | Villager (Male) |
| 3:57 | Queue | Villager (Male) |
| 4:10 | Queue | Villager (Male) |
| 4:10 | Queue | Villager (Male) |
| 4:23 | Queue | Villager (Male) |
| 4:23 | Queue | Villager (Male) |
| 4:50 | Queue | Villager (Male) |
| 4:50 | Queue | Villager (Male) |
| 4:51 | Queue | Villager (Male) |
| 5:06 | Build | Mill |
| 5:10 | Queue | Villager (Male) |
| 5:10 | Queue | Villager (Male) |
| 5:11 | Queue | Villager (Male) |
| 5:46 | Queue | Villager (Male) |
| 5:47 | Queue | Villager (Male) |
| 5:47 | Queue | Villager (Male) |
| 5:53 | Build | House |
| 7:25 | Queue | Villager (Male) |
| 7:37 | Build | Lumber Camp |
| 8:06 | Build | House |
| 8:31 | Build | Mining Camp |
| 8:35 | Research | Feudal Age |
| 10:17 | Queue | Villager (Male) |
| 10:17 | Queue | Villager (Male) |
| 10:54 | Build | House |
| 10:56 | Age | Feudal Age |
| 10:58 | Build | Blacksmith |
| 11:00 | Build | Market |
| 11:46 | Research | Double-Bit Axe |
| 11:46 | Research | Double-Bit Axe |
| 12:20 | Research | Castle Age |
| 12:20 | Research | Castle Age |
| 12:37 | Research | Horse Collar |
| 12:37 | Research | Horse Collar |
| 12:42 | Build | Farm |
| 12:43 | Build | Farm |
| 12:46 | Build | Farm |
| 13:07 | Build | Farm |
| 13:08 | Build | Farm |
| 13:12 | Build | Farm |
| 13:14 | Build | Farm |
| 13:14 | Build | Farm |
| 14:12 | Build | Farm |
| 14:42 | Queue | Villager (Male) |
| 14:42 | Queue | Villager (Male) |
| 15:00 | Age | Castle Age |
| 15:01 | Research | Bow Saw |
| 15:01 | Research | Bow Saw |
| 15:13 | Build | Town Center |
| 15:18 | Build | Town Center |
| 15:24 | Queue | Villager (Male) |
| 15:27 | Build | Farm |
| 15:53 | Build | Farm |
| 16:02 | Build | Farm |
| 16:05 | Build | Farm |
| 16:08 | Research | Heavy Plow |
| 16:12 | Queue | Villager (Male) |
| 16:19 | Build | Lumber Camp |
| 16:38 | Queue | Villager (Male) |
| 16:42 | Queue | Villager (Male) |
| 16:45 | Build | Farm |
| 16:52 | Build | Farm |
| 16:53 | Queue | Villager (Male) |
| 16:53 | Queue | Villager (Male) |
| 16:57 | Build | Farm |
| 16:57 | Build | Farm |
| 16:58 | Build | Farm |
| 17:01 | Queue | Villager (Male) |
| 17:02 | Queue | Villager (Male) |
| 17:03 | Queue | Villager (Male) |
| 17:03 | Queue | Villager (Male) |
| 17:03 | Queue | Villager (Male) |
| 17:03 | Queue | Villager (Male) |
| 17:04 | Queue | Villager (Male) |
| 17:10 | Build | Farm |
| 17:18 | Queue | Villager (Male) |
| 17:19 | Queue | Villager (Male) |
| 17:21 | Queue | Villager (Male) |
| 17:21 | Queue | Villager (Male) |
| 17:28 | Build | Farm |
| 17:29 | Build | Farm |
| 17:33 | Queue | Villager (Male) |
| 17:33 | Queue | Villager (Male) |
| 17:38 | Build | House |
| 17:40 | Build | House |
| 17:41 | Build | House |
| 17:41 | Build | House |
| 17:45 | Build | House |
| 17:49 | Queue | Villager (Male) |
| 17:49 | Queue | Villager (Male) |
| 17:49 | Queue | Villager (Male) |
| 17:55 | Build | Farm |
| 18:07 | Queue | Villager (Male) |
| 18:33 | Build | University |
| 18:49 | Research | Wheelbarrow |
| 18:50 | Research | Loom |
| 18:52 | Research | Town Watch |
| 18:53 | Queue | Villager (Male) |
| 18:53 | Queue | Villager (Male) |
| 18:57 | Build | Farm |
| 18:59 | Build | Farm |
| 19:02 | Build | Farm |
| 19:07 | Queue | Villager (Male) |
| 19:07 | Queue | Villager (Male) |
| 19:13 | Build | Mining Camp |
| 19:18 | Queue | Villager (Male) |
| 19:18 | Queue | Villager (Male) |
| 19:19 | Queue | Villager (Male) |
| 19:19 | Queue | Villager (Male) |
| 19:23 | Build | House |
| 19:24 | Build | House |
| 19:25 | Build | House |
| 19:29 | Build | House |
| 19:30 | Build | House |
| 19:31 | Build | House |
| 19:32 | Build | House |
| 19:42 | Queue | Villager (Male) |
| 19:42 | Queue | Villager (Male) |
| 19:42 | Queue | Villager (Male) |
| 19:43 | Queue | Villager (Male) |
| 19:45 | Build | Farm |
| 19:47 | Build | Farm |
| 19:51 | Research | Stone Mining |
| 19:54 | Queue | Villager (Male) |
| 20:04 | Build | Farm |
| 20:04 | Build | Farm |
Build order — Rgeadn
First 150 of 989 actions detected
| 0:01 | Queue | Villager (Male) |
| 0:02 | Build | House |
| 0:03 | Build | House |
| 0:12 | Queue | Villager (Male) |
| 0:12 | Queue | Villager (Male) |
| 0:13 | Queue | Villager (Male) |
| 1:51 | Queue | Villager (Male) |
| 1:51 | Queue | Villager (Male) |
| 1:54 | Build | Lumber Camp |
| 2:18 | Queue | Villager (Male) |
| 2:48 | Queue | Villager (Male) |
| 3:02 | Queue | Villager (Male) |
| 3:02 | Queue | Villager (Male) |
| 3:34 | Queue | Villager (Male) |
| 3:46 | Build | House |
| 4:05 | Queue | Villager (Male) |
| 4:16 | Queue | Villager (Male) |
| 4:19 | Build | Mill |
| 4:39 | Queue | Villager (Male) |
| 4:39 | Queue | Villager (Male) |
| 4:57 | Queue | Villager (Male) |
| 4:57 | Queue | Villager (Male) |
| 4:59 | Build | House |
| 5:11 | Queue | Villager (Male) |
| 5:42 | Queue | Villager (Male) |
| 5:42 | Queue | Villager (Male) |
| 6:06 | Queue | Villager (Male) |
| 6:06 | Queue | Villager (Male) |
| 6:10 | Build | House |
| 6:43 | Queue | Villager (Male) |
| 6:43 | Queue | Villager (Male) |
| 7:00 | Build | Mining Camp |
| 7:51 | Build | Farm |
| 7:53 | Build | Farm |
| 8:03 | Research | Feudal Age |
| 8:51 | Queue | Villager (Male) |
| 8:51 | Queue | Villager (Male) |
| 10:16 | Age | Feudal Age |
| 10:17 | Build | Market |
| 10:19 | Build | Blacksmith |
| 11:12 | Research | Castle Age |
| 11:12 | Research | Castle Age |
| 11:56 | Research | Double-Bit Axe |
| 12:05 | Research | Horse Collar |
| 12:40 | Queue | Villager (Male) |
| 13:36 | Build | Farm |
| 13:38 | Build | Farm |
| 13:51 | Age | Castle Age |
| 13:56 | Queue | Villager (Male) |
| 14:01 | Build | Town Center |
| 14:11 | Build | Town Center |
| 14:13 | Research | Bow Saw |
| 14:20 | Build | Farm |
| 14:26 | Queue | Villager (Male) |
| 14:45 | Build | Farm |
| 14:48 | Queue | Villager (Male) |
| 14:53 | Build | House |
| 15:03 | Build | Farm |
| 15:07 | Queue | Villager (Male) |
| 15:24 | Build | Farm |
| 15:28 | Queue | Villager (Male) |
| 15:32 | Queue | Villager (Male) |
| 15:36 | Queue | Villager (Male) |
| 15:38 | Queue | Villager (Male) |
| 15:40 | Build | Farm |
| 15:52 | Build | Farm |
| 15:55 | Queue | Villager (Male) |
| 16:00 | Build | Farm |
| 16:01 | Queue | Villager (Male) |
| 16:01 | Queue | Villager (Male) |
| 16:12 | Build | Farm |
| 16:17 | Queue | Villager (Male) |
| 16:17 | Queue | Villager (Male) |
| 16:25 | Build | Farm |
| 16:29 | Queue | Villager (Male) |
| 16:32 | Build | House |
| 16:33 | Build | House |
| 16:34 | Queue | Villager (Male) |
| 16:34 | Queue | Villager (Male) |
| 16:51 | Build | Farm |
| 16:52 | Queue | Villager (Male) |
| 16:58 | Build | Farm |
| 17:00 | Queue | Villager (Male) |
| 17:08 | Queue | Villager (Male) |
| 17:08 | Queue | Villager (Male) |
| 17:12 | Build | Farm |
| 17:21 | Build | Farm |
| 17:26 | Queue | Villager (Male) |
| 17:30 | Build | Farm |
| 17:31 | Queue | Villager (Male) |
| 17:36 | Build | House |
| 17:38 | Queue | Villager (Male) |
| 17:45 | Build | Farm |
| 17:53 | Queue | Villager (Male) |
| 17:53 | Queue | Villager (Male) |
| 18:02 | Queue | Villager (Male) |
| 18:02 | Queue | Villager (Male) |
| 18:04 | Build | House |
| 18:07 | Queue | Villager (Male) |
| 18:20 | Queue | Villager (Male) |
| 18:30 | Queue | Villager (Male) |
| 18:35 | Queue | Villager (Male) |
| 18:35 | Queue | Villager (Male) |
| 18:39 | Build | Town Center |
| 18:41 | Build | House |
| 18:42 | Queue | Villager (Male) |
| 18:45 | Build | Farm |
| 18:49 | Build | Farm |
| 18:53 | Build | Farm |
| 18:53 | Queue | Villager (Male) |
| 18:59 | Queue | Villager (Male) |
| 19:05 | Queue | Villager (Male) |
| 19:09 | Build | Farm |
| 19:12 | Build | House |
| 19:12 | Build | House |
| 19:17 | Build | Farm |
| 19:19 | Queue | Villager (Male) |
| 19:25 | Queue | Villager (Male) |
| 19:29 | Build | Farm |
| 19:30 | Queue | Villager (Male) |
| 19:30 | Queue | Villager (Male) |
| 19:40 | Build | Farm |
| 19:41 | Queue | Villager (Male) |
| 19:47 | Build | Farm |
| 19:48 | Queue | Villager (Male) |
| 19:49 | Queue | Villager (Male) |
| 19:53 | Build | Farm |
| 19:55 | Queue | Villager (Male) |
| 19:57 | Build | House |
| 20:00 | Queue | Villager (Male) |
| 20:05 | Build | Farm |
| 20:09 | Build | Farm |
| 20:11 | Queue | Villager (Male) |
| 20:14 | Build | Farm |
| 20:15 | Queue | Villager (Male) |
| 20:22 | Build | Farm |
| 20:22 | Queue | Villager (Male) |
| 20:26 | Build | House |
| 20:26 | Build | House |
| 20:27 | Queue | Villager (Male) |
| 20:28 | Queue | Villager (Male) |
| 20:31 | Queue | Villager (Male) |
| 20:36 | Build | Farm |
| 20:40 | Queue | Villager (Male) |
| 20:46 | Build | Farm |
| 20:47 | Queue | Villager (Male) |
| 20:51 | Queue | Villager (Male) |
| 20:53 | Build | Lumber Camp |
| 20:56 | Build | Farm |
| 21:00 | Queue | Villager (Male) |
Build order — [AoHD] Milmano
First 150 of 1092 actions detected
| 0:02 | Queue | Villager (Male) |
| 0:02 | Queue | Villager (Male) |
| 0:02 | Queue | Villager (Male) |
| 0:03 | Queue | Villager (Male) |
| 0:04 | Build | House |
| 0:05 | Build | House |
| 1:32 | Queue | Villager (Male) |
| 1:32 | Queue | Villager (Male) |
| 1:46 | Build | Lumber Camp |
| 1:47 | Queue | Villager (Male) |
| 2:09 | Queue | Villager (Male) |
| 2:26 | Queue | Villager (Male) |
| 2:26 | Queue | Villager (Male) |
| 2:49 | Queue | Villager (Male) |
| 3:06 | Queue | Villager (Male) |
| 3:33 | Build | House |
| 3:34 | Build | House |
| 3:38 | Queue | Villager (Male) |
| 3:45 | Queue | Villager (Male) |
| 4:08 | Build | Mill |
| 4:25 | Queue | Villager (Male) |
| 4:36 | Queue | Villager (Male) |
| 5:03 | Queue | Villager (Male) |
| 5:52 | Queue | Villager (Male) |
| 5:55 | Build | House |
| 6:31 | Queue | Villager (Male) |
| 7:29 | Build | Lumber Camp |
| 7:31 | Queue | Villager (Male) |
| 7:31 | Queue | Villager (Male) |
| 7:31 | Queue | Villager (Male) |
| 8:29 | Queue | Villager (Male) |
| 8:32 | Build | Farm |
| 8:33 | Build | Farm |
| 8:35 | Build | Farm |
| 8:51 | Build | Mining Camp |
| 9:03 | Build | House |
| 9:12 | Research | Feudal Age |
| 9:12 | Research | Feudal Age |
| 11:22 | Age | Feudal Age |
| 11:24 | Build | Blacksmith |
| 11:27 | Build | Market |
| 11:29 | Queue | Villager (Male) |
| 11:29 | Queue | Villager (Male) |
| 12:21 | Research | Castle Age |
| 12:43 | Research | Double-Bit Axe |
| 12:50 | Research | Horse Collar |
| 12:50 | Research | Horse Collar |
| 13:43 | Build | House |
| 14:21 | Build | Farm |
| 14:22 | Build | Farm |
| 14:53 | Queue | Villager (Male) |
| 15:01 | Age | Castle Age |
| 15:03 | Build | Town Center |
| 15:04 | Queue | Villager (Male) |
| 15:06 | Build | Town Center |
| 15:08 | Research | Bow Saw |
| 15:16 | Build | Monastery |
| 15:26 | Research | Heavy Plow |
| 15:27 | Queue | Villager (Male) |
| 15:29 | Build | Farm |
| 15:39 | Build | House |
| 15:59 | Queue | Monk |
| 16:05 | Build | Farm |
| 16:06 | Build | Farm |
| 16:06 | Build | Farm |
| 16:08 | Build | Farm |
| 16:14 | Queue | Villager (Male) |
| 16:27 | Queue | Villager (Male) |
| 16:27 | Queue | Villager (Male) |
| 16:36 | Queue | Villager (Male) |
| 16:36 | Queue | Villager (Male) |
| 16:36 | Queue | Villager (Male) |
| 16:43 | Build | House |
| 16:56 | Queue | Villager (Male) |
| 17:01 | Queue | Villager (Male) |
| 17:04 | Build | Farm |
| 17:13 | Build | House |
| 17:15 | Build | Farm |
| 17:16 | Build | Farm |
| 17:16 | Build | Farm |
| 17:16 | Build | Farm |
| 17:19 | Queue | Villager (Male) |
| 17:33 | Queue | Villager (Male) |
| 17:37 | Build | Farm |
| 17:38 | Build | Farm |
| 17:40 | Build | Farm |
| 17:41 | Build | Farm |
| 17:43 | Build | Farm |
| 17:47 | Queue | Villager (Male) |
| 17:49 | Build | House |
| 17:57 | Queue | Villager (Male) |
| 18:10 | Queue | Villager (Male) |
| 18:12 | Build | Farm |
| 18:16 | Build | House |
| 18:21 | Build | Farm |
| 18:23 | Queue | Villager (Male) |
| 18:27 | Queue | Villager (Male) |
| 18:38 | Queue | Villager (Male) |
| 18:38 | Queue | Villager (Male) |
| 18:48 | Build | House |
| 18:48 | Queue | Villager (Male) |
| 18:55 | Build | Town Center |
| 18:59 | Queue | Villager (Male) |
| 19:09 | Build | Farm |
| 19:10 | Build | Farm |
| 19:11 | Queue | Villager (Male) |
| 19:11 | Queue | Villager (Male) |
| 19:11 | Queue | Villager (Male) |
| 19:14 | Build | Farm |
| 19:16 | Build | House |
| 19:27 | Queue | Villager (Male) |
| 19:42 | Queue | Villager (Male) |
| 19:42 | Queue | Villager (Male) |
| 19:43 | Build | Farm |
| 19:51 | Queue | Villager (Male) |
| 19:59 | Build | House |
| 20:01 | Build | House |
| 20:06 | Queue | Monk |
| 20:11 | Queue | Villager (Male) |
| 20:11 | Queue | Villager (Male) |
| 20:14 | Build | Farm |
| 20:18 | Queue | Villager (Male) |
| 20:20 | Queue | Villager (Male) |
| 20:20 | Queue | Villager (Male) |
| 20:28 | Build | Mining Camp |
| 20:33 | Queue | Villager (Male) |
| 20:36 | Build | Farm |
| 20:40 | Build | Farm |
| 20:41 | Build | Farm |
| 20:42 | Build | Farm |
| 20:43 | Queue | Villager (Male) |
| 20:43 | Queue | Villager (Male) |
| 20:45 | Queue | Villager (Male) |
| 20:45 | Queue | Villager (Male) |
| 20:45 | Queue | Villager (Male) |
| 21:13 | Build | Farm |
| 21:16 | Research | Wheelbarrow |
| 21:16 | Research | Wheelbarrow |
| 21:16 | Queue | Villager (Male) |
| 21:20 | Build | Farm |
| 21:24 | Build | Farm |
| 21:26 | Build | Farm |
| 21:28 | Build | Farm |
| 21:29 | Queue | Villager (Male) |
| 21:29 | Queue | Villager (Male) |
| 21:37 | Queue | Villager (Male) |
| 21:42 | Research | Fervor |
| 21:42 | Research | Fervor |
| 21:43 | Queue | Villager (Male) |
| 21:50 | Build | Lumber Camp |
Match timeline
| 9:42 | Toady · age_up feudal |
| 10:06 | Chris Pelham · age_up feudal |
| 10:16 | Rgeadn · age_up feudal |
| 10:56 | Festering Goblin_1 · age_up feudal |
| 10:58 | Crouch · age_up feudal |
| 11:22 | [AoHD] Milmano · age_up feudal |
| 12:49 | Chris Pelham · first_market_buy 100 food |
| 13:20 | Toady · age_up castle |
| 13:37 | Chris Pelham · age_up castle |
| 13:51 | Rgeadn · age_up castle |
| 14:25 | Rgeadn · first_market_buy 100 food |
| 14:32 | Crouch · age_up castle |
| 15:00 | Festering Goblin_1 · age_up castle |
| 15:01 | [AoHD] Milmano · age_up castle |
| 15:10 | Crouch · first_market_buy 100 wood |
| 15:16 | [AoHD] Milmano · first_building Monastery |
| 17:45 | Toady · first_market_buy 100 stone |
| 18:13 | Festering Goblin_1 · first_market_sell 100 food |
| 18:23 | Festering Goblin_1 · first_market_buy 100 wood |
| 18:26 | [AoHD] Milmano · first_market_buy 100 stone |
| 21:06 | Festering Goblin_1 · first_building Siege Workshop |
| 21:53 | Festering Goblin_1 · first_building Krepost |
| 22:54 | Crouch · first_building Barracks |
| 23:00 | Toady · first_building Monastery |
| 23:27 | Chris Pelham · first_building Barracks |
| 23:31 | Crouch · first_building Monastery |
| 24:04 | Toady · first_market_sell 100 food |
| 24:26 | Chris Pelham · first_building Stable |
| 24:38 | Crouch · first_building Stable |
| 24:56 | Festering Goblin_1 · first_building Barracks |
| 25:01 | Toady · first_building Castle |
| 25:08 | Toady · first_building Barracks |
| 25:20 | Chris Pelham · first_building Castle |
| 25:48 | Festering Goblin_1 · first_building Castle |
| 25:55 | [AoHD] Milmano · first_building Castle |
| 26:01 | Crouch · wall_segment Palisade Wall x1 |
| 26:08 | Toady · first_building Stable |
| 26:09 | Rgeadn · first_building Castle |
| 26:10 | Toady · first_building Archery Range |
| 26:21 | Festering Goblin_1 · first_building Stable |
| 26:30 | Crouch · first_building Castle |
| 26:53 | Rgeadn · first_building Monastery |
| 26:53 | [AoHD] Milmano · first_building Barracks |
| 27:18 | Toady · age_up imperial |
| 27:39 | Crouch · first_building Siege Workshop |
| 27:57 | Crouch · first_market_sell 500 wood |
| 27:58 | Festering Goblin_1 · age_up imperial |
| 28:02 | Crouch · age_up imperial |
| 28:08 | [AoHD] Milmano · age_up imperial |
| 30:21 | Toady · first_building Siege Workshop |
| 30:27 | Rgeadn · age_up imperial |
| 32:51 | Chris Pelham · first_market_sell 500 wood |
| 34:13 | Rgeadn · first_market_sell 100 food |
| 34:22 | Crouch · first_building Donjon |
| 35:22 | Chris Pelham · age_up imperial |
| 35:26 | Rgeadn · wall_segment Stone Wall x1 |
| 35:27 | Rgeadn · wall_segment Stone Wall x1 |
| 35:32 | Rgeadn · wall_segment Stone Wall x1 |
| 35:32 | Rgeadn · wall_segment Stone Wall x1 |
| 35:36 | Rgeadn · wall_segment Stone Wall x1 |
| 35:38 | Rgeadn · wall_segment Stone Wall x1 |
| 39:49 | Chris Pelham · wall_segment Stone Wall x13 |
| 40:11 | Chris Pelham · wall_segment Stone Wall x10 |
| 40:21 | Chris Pelham · first_building Siege Workshop |
| 40:27 | Rgeadn · first_building Barracks |
| 44:18 | Toady · wall_segment Stone Wall x1 |
| 44:19 | Rgeadn · first_building Archery Range |
| 45:50 | Crouch · tribute_sent a jugador 1 |
| 45:50 | Crouch · tribute_sent a jugador 3 |
| 45:50 | Crouch · tribute_sent a jugador 4 |
| 45:50 | Crouch · tribute_sent a jugador 5 |
| 45:50 | Crouch · tribute_sent a jugador 6 |
| 47:02 | Crouch · tribute_sent a jugador 1 |
| 47:02 | Crouch · tribute_sent a jugador 3 |
| 47:02 | Crouch · tribute_sent a jugador 4 |
| 47:02 | Crouch · tribute_sent a jugador 5 |
| 47:02 | Crouch · tribute_sent a jugador 6 |
| 48:33 | Crouch · tribute_sent a jugador 1 |
| 48:33 | Crouch · tribute_sent a jugador 3 |
| 48:33 | Crouch · tribute_sent a jugador 4 |
| 48:33 | Crouch · tribute_sent a jugador 5 |
| 48:33 | Crouch · tribute_sent a jugador 6 |
| 48:46 | [AoHD] Milmano · tribute_sent a jugador 1 |
| 48:46 | [AoHD] Milmano · tribute_sent a jugador 2 |
| 48:46 | [AoHD] Milmano · tribute_sent a jugador 3 |
| 48:46 | [AoHD] Milmano · tribute_sent a jugador 4 |
| 48:46 | [AoHD] Milmano · tribute_sent a jugador 5 |
| 49:45 | Crouch · tribute_sent a jugador 1 |
| 49:45 | Crouch · tribute_sent a jugador 3 |
| 49:45 | Crouch · tribute_sent a jugador 4 |
| 49:45 | Crouch · tribute_sent a jugador 5 |
| 49:45 | Crouch · tribute_sent a jugador 6 |
| 50:05 | [AoHD] Milmano · wall_segment Stone Wall x1 |
| 50:20 | Crouch · tribute_sent a jugador 1 |
| 50:20 | Crouch · tribute_sent a jugador 3 |
| 50:20 | Crouch · tribute_sent a jugador 4 |
| 50:20 | Crouch · tribute_sent a jugador 5 |
| 50:20 | Crouch · tribute_sent a jugador 6 |
| 51:16 | Crouch · tribute_sent a jugador 1 |
| 51:16 | Crouch · tribute_sent a jugador 3 |
| 51:16 | Crouch · tribute_sent a jugador 4 |
| 51:16 | Crouch · tribute_sent a jugador 5 |
| 51:16 | Crouch · tribute_sent a jugador 6 |
| 52:03 | Crouch · tribute_sent a jugador 1 |
| 52:03 | Crouch · tribute_sent a jugador 3 |
| 52:03 | Crouch · tribute_sent a jugador 4 |
| 52:03 | Crouch · tribute_sent a jugador 5 |
| 52:03 | Crouch · tribute_sent a jugador 6 |
| 52:45 | Crouch · tribute_sent a jugador 1 |
| 52:45 | Crouch · tribute_sent a jugador 3 |
| 52:45 | Crouch · tribute_sent a jugador 4 |
| 52:45 | Crouch · tribute_sent a jugador 5 |
| 52:45 | Crouch · tribute_sent a jugador 6 |
| 53:07 | Crouch · tribute_sent a jugador 1 |
| 53:07 | Crouch · tribute_sent a jugador 3 |
| 53:07 | Crouch · tribute_sent a jugador 4 |
| 53:07 | Crouch · tribute_sent a jugador 5 |
| 53:07 | Crouch · tribute_sent a jugador 6 |
| 53:51 | Crouch · tribute_sent a jugador 1 |
| 53:51 | Crouch · tribute_sent a jugador 3 |
| 53:51 | Crouch · tribute_sent a jugador 4 |
| 53:51 | Crouch · tribute_sent a jugador 5 |
| 53:51 | Crouch · tribute_sent a jugador 6 |
| 54:20 | Crouch · tribute_sent a jugador 1 |
| 54:20 | Crouch · tribute_sent a jugador 3 |
| 54:20 | Crouch · tribute_sent a jugador 4 |
| 54:20 | Crouch · tribute_sent a jugador 5 |
| 54:20 | Crouch · tribute_sent a jugador 6 |
| 54:35 | Crouch · tribute_sent a jugador 1 |
| 54:35 | Crouch · tribute_sent a jugador 3 |
| 54:35 | Crouch · tribute_sent a jugador 4 |
| 54:35 | Crouch · tribute_sent a jugador 5 |
| 54:35 | Crouch · tribute_sent a jugador 6 |
| 55:06 | Crouch · tribute_sent a jugador 1 |
| 55:06 | Crouch · tribute_sent a jugador 3 |
| 55:06 | Crouch · tribute_sent a jugador 4 |
| 55:06 | Crouch · tribute_sent a jugador 5 |
| 55:06 | Crouch · tribute_sent a jugador 6 |
| 55:42 | Crouch · tribute_sent a jugador 1 |
| 55:42 | Crouch · tribute_sent a jugador 3 |
| 55:42 | Crouch · tribute_sent a jugador 4 |
| 55:42 | Crouch · tribute_sent a jugador 5 |
| 55:42 | Crouch · tribute_sent a jugador 6 |
| 56:04 | Crouch · tribute_sent a jugador 1 |
| 56:04 | Crouch · tribute_sent a jugador 3 |
| 56:04 | Crouch · tribute_sent a jugador 4 |
| 56:04 | Crouch · tribute_sent a jugador 5 |
| 56:04 | Crouch · tribute_sent a jugador 6 |
| 57:01 | Crouch · tribute_sent a jugador 1 |
| 57:01 | Crouch · tribute_sent a jugador 3 |
| 57:01 | Crouch · tribute_sent a jugador 4 |
| 57:01 | Crouch · tribute_sent a jugador 5 |
| 57:01 | Crouch · tribute_sent a jugador 6 |
| 57:35 | Crouch · tribute_sent a jugador 1 |
| 57:35 | Crouch · tribute_sent a jugador 3 |
| 57:35 | Crouch · tribute_sent a jugador 4 |
| 57:35 | Crouch · tribute_sent a jugador 5 |
| 57:35 | Crouch · tribute_sent a jugador 6 |
| 57:52 | Crouch · tribute_sent a jugador 1 |
| 57:52 | Crouch · tribute_sent a jugador 3 |
| 57:52 | Crouch · tribute_sent a jugador 4 |
| 57:52 | Crouch · tribute_sent a jugador 5 |
| 57:52 | Crouch · tribute_sent a jugador 6 |
| 58:33 | Crouch · tribute_sent a jugador 1 |
| 58:33 | Crouch · tribute_sent a jugador 3 |
| 58:33 | Crouch · tribute_sent a jugador 4 |
| 58:33 | Crouch · tribute_sent a jugador 5 |
| 58:33 | Crouch · tribute_sent a jugador 6 |
| 59:04 | Crouch · tribute_sent a jugador 1 |
| 59:04 | Crouch · tribute_sent a jugador 3 |
| 59:04 | Crouch · tribute_sent a jugador 4 |
| 59:04 | Crouch · tribute_sent a jugador 5 |
| 59:04 | Crouch · tribute_sent a jugador 6 |
| 59:15 | Crouch · tribute_sent a jugador 1 |
| 59:15 | Crouch · tribute_sent a jugador 3 |
| 59:15 | Crouch · tribute_sent a jugador 4 |
| 59:15 | Crouch · tribute_sent a jugador 5 |
| 59:15 | Crouch · tribute_sent a jugador 6 |
| 59:33 | Crouch · tribute_sent a jugador 1 |
| 59:33 | Crouch · tribute_sent a jugador 3 |
| 59:33 | Crouch · tribute_sent a jugador 4 |
| 59:33 | Crouch · tribute_sent a jugador 5 |
| 59:33 | Crouch · tribute_sent a jugador 6 |
| 60:03 | Crouch · tribute_sent a jugador 1 |
| 60:03 | Crouch · tribute_sent a jugador 3 |
| 60:03 | Crouch · tribute_sent a jugador 4 |
| 60:03 | Crouch · tribute_sent a jugador 5 |
| 60:03 | Crouch · tribute_sent a jugador 6 |
| 60:14 | Crouch · tribute_sent a jugador 1 |
| 60:14 | Crouch · tribute_sent a jugador 3 |
| 60:14 | Crouch · tribute_sent a jugador 4 |
| 60:14 | Crouch · tribute_sent a jugador 5 |
| 60:14 | Crouch · tribute_sent a jugador 6 |
| 60:18 | Crouch · tribute_sent a jugador 1 |
| 60:18 | Crouch · tribute_sent a jugador 3 |
| 60:18 | Crouch · tribute_sent a jugador 4 |
| 60:18 | Crouch · tribute_sent a jugador 5 |
| 60:18 | Crouch · tribute_sent a jugador 6 |
| 60:23 | Crouch · tribute_sent a jugador 1 |
| 60:23 | Crouch · tribute_sent a jugador 3 |
| 60:23 | Crouch · tribute_sent a jugador 4 |
| 60:23 | Crouch · tribute_sent a jugador 5 |
| 60:23 | Crouch · tribute_sent a jugador 6 |
| 60:27 | Crouch · tribute_sent a jugador 1 |
| 60:27 | Crouch · tribute_sent a jugador 3 |
| 60:27 | Crouch · tribute_sent a jugador 4 |
| 60:27 | Crouch · tribute_sent a jugador 5 |
| 60:27 | Crouch · tribute_sent a jugador 6 |
| 60:31 | Crouch · tribute_sent a jugador 1 |
| 60:31 | Crouch · tribute_sent a jugador 3 |
| 60:31 | Crouch · tribute_sent a jugador 4 |
| 60:31 | Crouch · tribute_sent a jugador 5 |
| 60:31 | Crouch · tribute_sent a jugador 6 |
| 60:36 | Crouch · tribute_sent a jugador 1 |
| 60:36 | Crouch · tribute_sent a jugador 3 |
| 60:36 | Crouch · tribute_sent a jugador 4 |
| 60:36 | Crouch · tribute_sent a jugador 5 |
| 60:36 | Crouch · tribute_sent a jugador 6 |
| 60:40 | Crouch · tribute_sent a jugador 1 |
| 60:40 | Crouch · tribute_sent a jugador 3 |
| 60:40 | Crouch · tribute_sent a jugador 4 |
| 60:40 | Crouch · tribute_sent a jugador 5 |
| 60:40 | Crouch · tribute_sent a jugador 6 |
| 60:45 | Crouch · tribute_sent a jugador 1 |
| 60:45 | Crouch · tribute_sent a jugador 3 |
| 60:45 | Crouch · tribute_sent a jugador 4 |
| 60:45 | Crouch · tribute_sent a jugador 5 |
| 60:45 | Crouch · tribute_sent a jugador 6 |
| 60:48 | Crouch · tribute_sent a jugador 1 |
| 60:48 | Crouch · tribute_sent a jugador 3 |
| 60:48 | Crouch · tribute_sent a jugador 4 |
| 60:48 | Crouch · tribute_sent a jugador 5 |
| 60:48 | Crouch · tribute_sent a jugador 6 |
| 60:53 | Crouch · tribute_sent a jugador 1 |
| 60:53 | Crouch · tribute_sent a jugador 3 |
| 60:53 | Crouch · tribute_sent a jugador 4 |
| 60:53 | Crouch · tribute_sent a jugador 5 |
| 60:53 | Crouch · tribute_sent a jugador 6 |
| 60:57 | Crouch · tribute_sent a jugador 1 |
| 60:57 | Crouch · tribute_sent a jugador 3 |
| 60:57 | Crouch · tribute_sent a jugador 4 |
| 60:57 | Crouch · tribute_sent a jugador 5 |
| 60:57 | Crouch · tribute_sent a jugador 6 |
| 61:02 | Crouch · tribute_sent a jugador 1 |
| 61:02 | Crouch · tribute_sent a jugador 3 |
| 61:02 | Crouch · tribute_sent a jugador 4 |
| 61:02 | Crouch · tribute_sent a jugador 5 |
| 61:02 | Crouch · tribute_sent a jugador 6 |
| 61:18 | Crouch · tribute_sent a jugador 1 |
| 61:18 | Crouch · tribute_sent a jugador 3 |
| 61:18 | Crouch · tribute_sent a jugador 4 |
| 61:18 | Crouch · tribute_sent a jugador 5 |
| 61:18 | Crouch · tribute_sent a jugador 6 |
| 61:37 | Crouch · tribute_sent a jugador 1 |
| 61:37 | Crouch · tribute_sent a jugador 3 |
| 61:37 | Crouch · tribute_sent a jugador 4 |
| 61:37 | Crouch · tribute_sent a jugador 5 |
| 61:37 | Crouch · tribute_sent a jugador 6 |
| 61:52 | Rgeadn · resign |
| 61:52 | Crouch · tribute_sent a jugador 1 |
| 61:52 | Crouch · tribute_sent a jugador 3 |
| 61:52 | Crouch · tribute_sent a jugador 4 |
| 61:52 | Crouch · tribute_sent a jugador 5 |
| 61:52 | Crouch · tribute_sent a jugador 6 |
[ AI ANALYSIS · 1 CREDIT ]
What really happened in this match?
Wolo.gg analyzes every decision: build order, eco, micro, common mistakes by bracket. Personalized analysis on WhatsApp or Discord in 30 seconds.
Civ guide
Turks
Perfil
Jugador #2082703